 Dungeon Crawl Stone Soup version 0.21-a0-171-g0f4a3b6 (webtiles) character file.

44629 Gorglomux the Severer (level 14, -5/132 HPs)
             Began as a Hill Orc Earth Elementalist on Aug 7, 2017.
             Was a High Priest of Beogh.
             Slain by a harpy (12 damage)
             ... summoned by Kirke
             ... on level 6 of the Lair of Beasts.
             The game lasted 00:46:01 (16454 turns).

Gorglomux the Severer (HOEE)                       Turns: 16454, Time: 00:46:02

Health: -5/132     AC:  0    Str: 16    XL:     14   Next: 29%
Magic:  0/22       EV: 14    Int: 15    God:    Beogh [*****.]
Gold:   647        SH:  0    Dex: 11    Spells: 16/16 levels left

rFire    . . .     SeeInvis .   (weapon currently unavailable)
rCold    . . .     Gourm    .   (shield currently unavailable)
rNeg     . . .     Faith    .   (armour currently unavailable)
rPois    .         Spirit   +   (helmet currently unavailable)
rElec    .         Reflect  .   (cloak currently unavailable)
rCorr    .         Harm     .   (gloves currently unavailable)
MR       +....                  (boots currently unavailable)
Stlth    ++........             U - amulet of guardian spirit
HPRegen  0.32/turn              (ring currently unavailable)
MPRegen  0.18/turn              (ring currently unavailable)

@: pig-form, slowed
A: walk on water
a: Smiting, Recall Orcish Followers, Give Item to Named Follower, Renounce
Religion


You were on level 6 of the Lair of Beasts.
You worshipped Beogh.
Beogh was extremely pleased with you.
You were hungry.
You were a filthy swine.
You visited 2 branches of the dungeon, and saw 18 of its levels.
You also visited: Ossuary.

You collected 1005 gold pieces.
You spent 358 gold pieces at shops.

Inventory:

Hand Weapons
 i - a +0 broad axe
 J - the +3 war axe "Niuniat" (melded) {chop, MR+ Int+8}
   (You found it on level 6 of the Dungeon)

   It inflicts extra damage upon your enemies.
   It affects your intelligence (+8).
   It affects your resistance to hostile enchantments.
Missiles
 b - 441 stones (quivered)
 Z - 2 throwing nets
Armour
 f - a +2 helmet (melded)
 u - the +1 pair of boots "Luczar" (melded) {rN+ Slay+3}
   (You found it on level 6 of the Dungeon)

   It affects your accuracy and damage with ranged weapons and melee attacks
   (+3).
   It protects you from negative energy.
 y - a +0 cloak (melded)
 N - a +1 pair of gloves (melded)
 V - the +8 plate armour of Ticvall (melded) {rC+ Regen+ Str-2}
   (You found it on level 5 of the Lair of Beasts)

   It affects your strength (-2).
   It protects you from cold.
   It increases your rate of regeneration.
 X - a +0 buckler (melded)
Jewellery
 c - an uncursed ring of protection from cold
 o - a ring of poison resistance (melded)
 G - a +4 ring of protection (melded)
 U - an amulet of guardian spirit (around neck)
Wands
 A - a wand of acid (4/15)
 C - a wand of confusion (26/48)
 D - a wand of digging (17/24)
 I - a wand of iceblast (3/15)
 L - a wand of lightning (3/15)
 P - a wand of paralysis (10/24)
 S - a wand of scattershot (3/9)
Scrolls
 j - 6 scrolls of remove curse
 k - 2 scrolls of fog
 l - 2 scrolls of fear
 E - 2 scrolls of recharging
 K - a scroll of enchant weapon {unknown}
 M - 2 scrolls of magic mapping
 O - 2 scrolls of immolation
 R - 3 scrolls of identify
 T - 8 scrolls of teleportation
Potions
 m - 7 potions of lignification
 p - 2 potions of invisibility
 r - a potion of flight
 s - 2 potions of might
 t - 2 potions of cancellation
 w - 4 potions of mutation {!q}
 x - a potion of heal wounds
 B - 2 potions of agility
 F - 5 potions of haste
 H - 2 potions of ambrosia {unknown}
 Q - 5 potions of curing
Books
 e - a book of Geomancy

   Spells                             Type                      Level
   a - Sandblast                      Earth                        1
   b - Passwall                       Transmutation/Earth          2
   c - Stone Arrow                    Conjuration/Earth            3
   d - Petrify                        Transmutation/Earth          4
   e - Lee's Rapid Deconstruction     Earth                        5
Miscellaneous
 q - a fan of gales
Comestibles
 d - 13 bread rations
 v - 5 royal jellies
 z - 11 meat rations
 W - 15 fruits
 Y - 13 chunks of flesh


   Skills:
 + Level 14.0 Fighting
 - Level 16.0 Axes
 + Level 11.4 Armour
 + Level 1.9 Dodging
 - Level 1.5 Stealth
 + Level 8.0 Shields
 - Level 1.5 Spellcasting
   Level 0.6 Transmutations
   Level 3.0 Earth Magic
 + Level 11.8 Invocations
 - Level 6.1 Evocations


You had 16 spell levels left.
You didn't know any spells.

Dungeon Overview and Level Annotations

Branches:
Dungeon (12/15)            Temple (0/1) D:7            Lair (6/6) D:11
  Swamp (0/4) Lair:2       Spider (0/4) Lair:3        Slime (0/5) Lair:5
    Orc (0/2) D:11

Altars:
Ashenzari
Okawaru
Qazlal
Sif Muna
Trog
Uskayaw
Wu Jian
Xom
Yredelemnul
Jiyva

Shops:
D:6 *}=   D:8 (   D:11 =   D:12 *}

Annotations:
D:4 Eustachio, Sigmund
Lair:3 exclusion: 2 oklob plants
Lair:4 exclusion: oklob plant
Lair:6 Kirke


Message History

The harpy claws Bladwarg!!!
The harpy barely misses Bladwarg!
The hog misses you! The harpy claws you!!! * * * don't die
* * * The harpy barely misses you!
The harpy claws Bladwarg!!!
The harpy completely misses Bladwarg!
Kirke mumbles some strange words!
Kirke flickers and vanishes!!!
Deactivating autopickup; reactivate with Ctrl-A!
The hog bites you!!! * * * don't die
* * * The hog bites you!!! * * * don'butt die
* * * Bladwarg barely misses butt!
Unknown command!
A hog comes into view!
The harpy screeches!!!
Your orc knight no longer looks unusually strong!
The harpy claws Butt!
The harpy misses Bladwarg!
The harpy barely misses you! The harpy claws you!!! rip

.............##.#. ..
.h..............##.... ...
P.................... ...
#.................... #.#
###....................
#h##..#...........#.##....
##.....#.#.h......#####...P
#.................# ##...
#........hH.....## P...
#..........h...## #...
##....(..{oh....# #...
###.P.≈†P#H...### ...
♣♣♣≈≈♣♣#o†....# ##... ♣.(♣♣
#.....## #P.P.. ♣≈.♣
#......# .....# ♣♣≈.
#......###.#..## ♣≈≈
##.....÷#.....##


You could see 2 harpies, 4 hogs, a friendly orc knight and the friendly Bladwarg
the orc knight (wandering).

Vanquished Creatures
  Josephine (D:11)
  6 hydras
  5 death yaks
  2 two-headed ogres
  2 unseen horrors (D:10)
  An ugly thing (D:12)
  4 elephants
  3 black mambas
  9 spiny frogs
  A rime drake (Lair:5)
  5 komodo dragons
  A polar bear (Lair:6)
  A troll (D:11)
  A hornet (D:8)
  6 dream sheep (Lair:6)
  5 hippogriffs
  8 blink frogs
  6 wraiths
  19 yaks
  A wyvern (D:12)
  A basilisk (Lair:4)
  Grum (D:8)
  3 hungry ghosts
  9 water moccasins
  4 porcupines
  An acid dragon (Lair:6)
  An orc warrior (D:5)
  A swamp drake (Lair:6)
  2 sky beasts
  An ice beast (D:10)
  An eye of draining (D:12)
  7 ogres
  A phantom (D:6)
  13 crocodiles
  2 wolves (D:8)
  5 centaurs
  2 big kobolds
  13 bullfrogs
  8 scorpions
  A wyvern skeleton (D:8)
  8 wights
  2 electric eels
  4 howler monkeys
  A centaur zombie (D:5)
  4 crimson imps
  2 bullfrog zombies
  2 hounds
  3 jellies
  3 centaur skeletons
  A gnoll shaman (D:7)
  5 orc priests
  12 orc wizards
  3 bullfrog skeletons
  3 iguanas
  7 worker ants
  A hound zombie (D:7)
  A worker ant zombie (D:9)
  9 gnolls
  7 adders
  A shadow imp (D:11)
  An ooze (D:4)
  2 adder zombies (Ossuary)
  An adder skeleton (D:7)
  A worm (D:2)
  2 dart slugs
  7 leopard geckos
  40 orcs
  8 bats
  5 giant cockroaches
  10 goblins
  16 hobgoblins
  6 jackals
  17 kobolds
  2 quokkas (D:7)
  2 ball python skeletons
  13 frilled lizards
  A hobgoblin skeleton (Ossuary)
  A jackal skeleton (D:4)
  2 kobold zombies (Ossuary)
  A leopard gecko skeleton (D:8)
  2 orc skeletons (Ossuary)
  2 orc zombies (Ossuary)
  2 quokka skeletons
  6 rats
  A fungus (Lair:6)
394 creatures vanquished.

Vanquished Creatures (collateral kills)
  The ghost of tstbtto the Cleaver, a journeyman GrBe of Trog (Lair:4)
  A hydra (Lair:6)
  3 two-headed ogres
  4 death yaks
  A wizard (D:12)
  An ugly thing (D:12)
  3 elephants
  2 black mambas
  5 spiny frogs
  A kobold demonologist (D:11)
  3 komodo dragons
  A polar bear (Lair:5)
  3 hippogriffs
  11 blink frogs
  A dream sheep (Lair:5)
  2 wyverns (Lair:6)
  12 yaks
  A hog (Lair:6)
  A hungry ghost (D:12)
  2 basilisks
  A steam dragon (Lair:6)
  A warg (Lair:6)
  2 water moccasins
  A porcupine (Lair:2)
  A centaur (D:9)
  3 crocodiles
  2 bullfrogs
  3 wights (D:12)
  A hound (D:9)
  An orc wizard (D:11)
  5 orcs
  A hobgoblin (D:9)
  A bush (Lair:6)
  A butterfly (Lair:3)
  8 fungi
  3 plants
94 creatures vanquished.

Vanquished Creatures (others)
  An orc warrior (D:11)
  2 orc priests
  8 orcs
  2 fungi (Lair:6)
  9 plants
22 creatures vanquished.

Grand Total: 510 creatures vanquished

Notes
Turn   | Place    | Note
-------+----------+-------------------------------------------
     0 | D:1      | Gorglomux the Hill Orc Earth Elementalist began the quest for the Orb.
     0 | D:1      | Reached XP level 1. HP: 14/14 MP: 3/3
    15 | D:1      | Reached skill level 1 in Fighting
    57 | D:1      | Reached XP level 2. HP: 20/24 MP: 1/4
   453 | D:1      | Reached skill level 3 in Fighting
   631 | D:1      | Reached XP level 3. HP: 31/31 MP: 5/5
   796 | D:1      | Found a shattered altar of Ashenzari.
  1656 | D:2      | Reached XP level 4. HP: 38/40 MP: 6/6
  2418 | D:3      | Reached skill level 1 in Axes
  2418 | D:3      | Reached XP level 5. HP: 38/48 MP: 2/7
  2451 | D:3      | Found a stormy altar of Qazlal.
  2539 | D:3      | Reached skill level 2 in Axes
  2618 | D:3      | Reached skill level 3 in Axes
  3139 | D:3      | Reached XP level 6. HP: 47/57 MP: 8/8
  3315 | D:3      | Reached skill level 6 in Fighting
  3315 | D:3      | Reached skill level 4 in Axes
  3872 | D:4      | Noticed Eustachio
  3945 | D:4      | Got a translucent chain mail
  4007 | D:4      | Identified the cursed +0 chain mail of Omission {+Blink rCorr MP+9} (You found it on level 4 of the Dungeon)
  4187 | D:4      | Noticed Sigmund
  4381 | D:5      | Entered Level 5 of the Dungeon
  4525 | D:5      | Reached skill level 5 in Axes
  4525 | D:5      | Reached skill level 1 in Armour
  4638 | D:5      | Found an ornate altar of the Wu Jian Council.
  4698 | D:5      | Reached XP level 7. HP: 53/63 MP: 9/9
  4883 | D:5      | Found a basalt altar of Yredelemnul.
  4889 | D:5      | Found a shimmering altar of Xom.
  4920 | D:5      | Became a worshipper of Beogh the Brigand
  5145 | D:5      | Reached skill level 6 in Axes
  5145 | D:5      | Reached skill level 3 in Armour
  5234 | D:5      | Found a deep blue altar of Sif Muna.
  5234 | D:5      | Found a hide-covered altar of Uskayaw.
  5293 | D:5      | Identified Ginweop's Grimoire of Doomed Stones
  5564 | D:6      | Reached XP level 8. HP: 66/70 MP: 10/10
  5597 | D:5      | Reached skill level 7 in Axes
  5941 | D:6      | Found Wiyfaf's Jewellery Emporium.
  6058 | D:6      | Reached skill level 8 in Axes
  6078 | D:6      | Got a pair of transparent boots
  6089 | D:6      | Identified the +1 pair of boots "Luczar" {rN+ Slay+3} (You found it on level 6 of the Dungeon)
  6136 | D:6      | Got a warped war axe
  6137 | D:6      | Identified the cursed +3 war axe "Niuniat" {chop, MR+ Int+8} (You found it on level 6 of the Dungeon)
  6148 | D:6      | Reached * piety under Beogh
  6195 | D:6      | Found Doxuvut's General Store.
  6212 | D:6      | Found Povomai's Gadget Emporium.
  6240 | D:6      | Bought a potion of magic for 120 gold pieces
  6240 | D:6      | Bought a scroll of fog for 30 gold pieces
  6506 | D:7      | Reached skill level 6 in Armour
  6507 | D:7      | Reached skill level 9 in Axes
  6662 | D:7      | Reached XP level 9. HP: 75/75 MP: 11/11
  6733 | D:7      | Reached ** piety under Beogh
  6742 | D:7      | Reached skill level 10 in Axes
  6802 | D:7      | Found a staircase to the Ecumenical Temple.
  6989 | D:8      | Found Kiorer's Antique Weapon Emporium.
  7027 | D:8      | Noticed a hornet
  7035 | D:8      | Killed a hornet
  7041 | D:8      | Noticed Grum
  7052 | D:8      | Killed Grum
  7064 | D:8      | Reached skill level 11 in Axes
  7408 | D:8      | Found a sand-covered staircase.
  7441 | Ossuary  | Entered an ossuary
  7641 | Ossuary  | Reached skill level 9 in Armour
  7706 | D:8      | Noticed a two-headed ogre
  7751 | D:7      | Reached *** piety under Beogh
  7808 | D:8      | Reached XP level 10. HP: 79/84 MP: 12/12
  7812 | D:8      | Reached skill level 12 in Axes
  7850 | D:8      | Found a bloodstained altar of Trog.
  7932 | D:8      | Killed a two-headed ogre
  8705 | D:9      | Found an iron altar of Okawaru.
  8710 | D:9      | Noticed a two-headed ogre
  8719 | D:9      | Killed a two-headed ogre
  8719 | D:9      | Reached skill level 13 in Axes
  8913 | D:9      | Noticed a two-headed ogre
  8944 | D:9      | Killed a two-headed ogre
  8944 | D:9      | Reached skill level 9 in Fighting
  9114 | D:10     | Entered Level 10 of the Dungeon
  9173 | D:10     | Noticed a two-headed ogre
  9181 | D:10     | Killed a two-headed ogre
  9181 | D:10     | Reached skill level 14 in Axes
  9181 | D:10     | Reached XP level 11. HP: 85/99 MP: 13/13
  9289 | D:10     | Killed an unseen horror
  9370 | D:10     | Reached **** piety under Beogh
  9402 | D:10     | Found a stormy altar of Qazlal.
  9427 | D:10     | Killed an unseen horror
  9427 | D:10     | Reached skill level 3 in Invocations
  9989 | D:11     | Noticed a seven-headed hydra
  9995 | D:11     | Killed a seven-headed hydra
 10023 | D:11     | Noticed a sixfirhy
 10070 | D:11     | Noticed a two-headed ogre
 10075 | D:11     | Killed a two-headed ogre
 10075 | D:11     | Reached skill level 15 in Axes
 10094 | D:11     | You fall through a shaft!
 10099 | D:12     | Gained Alork as an ally
 10165 | D:12     | Reached skill level 6 in Invocations
 10204 | D:12     | Found Yhadesh's Gadget Boutique.
 10204 | D:12     | Found Ryegoqes's General Store.
 10212 | D:12     | Bought a wand of paralysis (10/24) for 156 gold pieces
 10215 | D:12     | Bought a scroll of fear for 52 gold pieces
 10317 | D:12     | Noticed a white ugly thing
 10319 | D:12     | Noticed a green ugly thing
 10324 | D:12     | Noticed a wizard
 10335 | D:12     | Killed a cyan ugly thing
 10339 | D:12     | Killed a cyan ugly thing
 10344 | D:12     | Killed a wizard
 10449 | D:11     | Noticed a seven-headed hydra
 10452 | D:11     | Reached XP level 12. HP: 103/111 MP: 15/17
 10457 | D:11     | Killed a seven-headed hydra
 10457 | D:11     | Gained Bladwarg as an ally
 10511 | D:11     | Found a staircase to the Lair.
 10518 | D:11     | Reached skill level 1 in Shields
 10691 | D:11     | Reached skill level 12 in Fighting
 10861 | D:11     | Noticed Josephine
 10868 | D:11     | Killed Josephine
 10910 | D:11     | Found a staircase to the Orcish Mines.
 10932 | D:11     | Found Poenuf's Jewellery Emporium.
 11289 | Lair:1   | Entered Level 1 of the Lair of Beasts
 11364 | Lair:1   | Noticed a six-headed hydra
 11369 | Lair:1   | Killed a six-headed hydra
 11369 | Lair:1   | Reached skill level 3 in Shields
 11578 | Lair:1   | Noticed a four-headed hydra
 11588 | Lair:1   | Killed a seven-headed hydra
 11784 | Lair:1   | Reached skill level 16 in Axes
 12086 | Lair:1   | Reached skill level 1 in Evocations
 12460 | Lair:2   | Found a staircase to the Swamp.
 12596 | Lair:2   | Reached skill level 9 in Invocations
 12908 | Lair:2   | Noticed a four-headed hydra
 12911 | Lair:2   | Killed a four-headed hydra
 13125 | Lair:3   | Found a shattered altar of Ashenzari.
 13137 | Lair:3   | Reached skill level 3 in Evocations
 13137 | Lair:3   | Reached XP level 13. HP: 115/119 MP: 20/20
 13349 | Lair:3   | Found a hole to the Spider Nest.
 13877 | Lair:4   | Noticed tstbtto's ghost (journeyman GrBe)
 13885 | Lair:4   | Killed tstbtto's ghost
 13913 | Lair:4   | Gained Bladwarg as an ally
 14109 | Lair:4   | Reached skill level 6 in Shields
 14665 | Lair:5   | Found a staircase to the Slime Pits.
 14665 | Lair:5   | Found a viscous altar of Jiyva.
 14929 | Lair:5   | Got a smoking plate armour
 14940 | Lair:5   | Identified the +8 plate armour of Ticvall {rC+ Regen+ Str-2} (You found it on level 5 of the Lair of Beasts)
 15380 | Lair:6   | Entered Level 6 of the Lair of Beasts
 15600 | Lair:5   | Reached ***** piety under Beogh
 15791 | Lair:6   | Reached XP level 14. HP: 130/130 MP: 17/22
 15846 | Lair:6   | Reached skill level 6 in Evocations
 15862 | Lair:6   | Found a labyrinth entrance.
 16409 | Lair:6   | Noticed Kirke
 16454 | Lair:6   | Slain by a harpy

Vault maps used:
D:1:      elethiomel_arrival_shortcut, ashenzari_altar_1
D:2:      first_bread
D:3:      nicolae_overflow_crystal_walls, minmay_goblin_kobold_house
D:4:      uniq_eustachio, uniq_sigmund, uniq_natasha
D:5:      yredelemnul_altar_generic, lemuel_doored_altar, xom_teletrap_fun,
          gammafunk_temple_overflow_elements
D:6:      serial_shops, nicolae_shop_crystal, shop, shop
D:7:      minmay_temple_entry_hall
D:8:      kennysheep_mini_moat, serial_shops, shop, enter_ossuary_1, uniq_grum
D:9:      okawaru_altar_gauntlet_db, grunt_ogre_cave
D:10:     nicolae_qazlal_eye_of_the_storm
D:11:     david_lair_generic, serial_shops, nicolae_shop_stone, uniq_josephine
D:12:     kennysheep_big_flooded_room, serial_shops, kennysheep_mini, shop, shop
Lair:1:   grunt_megastairs_1
Lair:2:   swamp_mist, infiniplex_staircase_pool
Lair:3:   minmay_lair_oklob_tunnel, spider_nest_entry_web_field, basic_altar,
          eino_small_chamber_without_monster, fungi_pond_lemuel,
          lemuel_fruit_fields
Lair:4:   beast_lair_carwin_large_4, minmay_lair_oklob_chamber,
          serial_bayou_shore_b
Lair:5:   slime_altar_1, serial_bayou_pond_d, lemuel_fruit_tree
Lair:6:   hangedman_lair_caniforms_friends, guppyfry_lair_end_dragon,
          lab_entry_generic, grunt_megastairs_3, uniq_kirke
Ossuary:  ossuary_due_cavern

Skill      XL: |  1  2  3  4  5  6  7  8  9 10 11 12 13 14 |
---------------+-------------------------------------------+-----
Fighting       | 1 3 4 5 6 10 11 12 13 14 | 14.0
Axes           | 1 3 5 6 9 11 14 15 16 | 16.0
Armour         | 1 4 6 9 10 11 | 11.4
Invocations    | 7 9 11 | 11.8
Shields        | 5 7 8 |  8.0
Evocations     | 3 5 6 |  6.1
Dodging        | |  1.9
Stealth        | |  1.5
Spellcasting   | |  1.5
Transmutations | |  0.6
Earth Magic    | |  3.0

Action                   |  1- 3 |  4- 6 |  7- 9 | 10-12 | 13-15 || total
-------------------------+-------+-------+-------+-------+-------++-------
Melee: Short sword       |   105 |    46 |       |       |       ||   151
       Unarmed           |     1 |       |       |       |    22 ||    23
       Hand axe          |       |   204 |   273 |       |       ||   477
       War axe           |       |       |   177 |   445 |   312 ||   934
Throw: Stone             |     2 |       |       |       |       ||     2
       Javelin           |     1 |       |     3 |     3 |       ||     7
 Cast: Sandblast         |    23 |    47 |       |       |       ||    70
Invok: Convert to Beogh  |       |       |     1 |       |       ||     1
       Smiting           |       |       |       |    19 |     8 ||    27
       Recall Orcish Fol |       |       |       |     4 |       ||     4
Evoke: Wand              |       |       |       |     8 |     3 ||    11
  Use: Scroll            |       |     1 |     4 |    10 |    16 ||    31
       Potion            |       |       |     3 |       |       ||     3
 Stab: Sleeping          |     1 |     5 |       |       |       ||     6
       Invisible         |       |       |     3 |       |       ||     3
       Distracted        |       |       |       |     5 |     2 ||     7
  Eat: Chunk             |     3 |    10 |    12 |    26 |    10 ||    61
Armor: Robe              |    40 |    68 |       |       |       ||   108
       Chain mail        |       |    54 |   326 |   276 |    68 ||   724
       Plate armour      |       |       |       |       |   167 ||   167
Dodge: Dodged            |    74 |   193 |    95 |   129 |   109 ||   600
Block: Buckler           |       |     3 |    52 |    44 |    76 ||   175
